 Dungeon Crawl Stone Soup version 0.18.1-48-g4cf74bf (webtiles) character file.

21 KrisztiCat the Digger (level 2, -1/15 HPs)
             Began as a Gargoyle Earth Elementalist on July 1, 2016.
             Slain by a gnoll (6 damage)
             ... on level 2 of the Dungeon.
             The game lasted 00:05:02 (758 turns).

KrisztiCat the Digger (Gargoyle Earth Elementalist)  Turns: 758, Time: 00:05:03

Health: -1/15      AC:  4    Str: 11    XL:     2   Next: 83%
Magic:  5/5        EV:  6    Int: 15    God:
Gold:   34         SH:  0    Dex: 10    Spells: 1 memorised, 5 levels left

rFire  . . .     SeeInvis .     g - +0 whip
rCold  . . .     Gourm    .     a - +0 robe
rNeg   + . .     Faith    .     (no shield)
rPois  ∞         Spirit   .     (no helmet)
rElec  +         Dismiss  .     (no cloak)
rCorr  .         Reflect  .     (no gloves)
SustAt .         Harm     .     (no boots)
MR     .....                    (no amulet)
Stlth  ++........               (no ring)
                                i - ring of flight

@: held, not resistant to hostile enchantments, unstealthy
A: negative energy resistance 1, electricity resistance, unbreathing,
petrification resistance, rot immunity, AC +2
a: Evoke Flight


You were on level 2 of the Dungeon.
You were not hungry.

You visited 1 branch of the dungeon, and saw 2 of its levels.

You collected 34 gold pieces.

Inventory:

Hand Weapons
 g - a +0 whip (weapon)
Missiles
 b - 25 stones (quivered)
Armour
 a - a +0 robe (worn)
Jewellery
 i - a ring of flight (left hand)
 k - an uncursed ring of resist corrosion {unknown}
Scrolls
 e - a scroll of remove curse {unknown}
 j - a scroll of fear {unknown}
 l - a scroll of blinking {unknown}
Potions
 f - a potion of agility {unknown}
 m - a potion of degeneration {unknown}
Books
 c - a book of Geomancy

   Spells                             Type                      Level
   a - Sandblast                      Earth                        1
   b - Passwall                       Transmutation/Earth          2
   c - Stone Arrow                    Conjuration/Earth            3
   d - Petrify                        Transmutation/Earth          4
   e - Lee's Rapid Deconstruction     Earth                        5
Comestibles
 d - 2 bread rations
 n - a beef jerky


   Skills:
 - Level 1.6 Dodging
 - Level 2.4 Stealth
 * Level 2.5 Spellcasting
   Level 0.7 Transmutations
 + Level 4.1 Earth Magic


You had 5 spell levels left.
You knew the following spells:

 Your Spells              Type           Power        Failure   Level  Hunger
a - Sandblast             Erth           ##....       4%          1    #......


Dungeon Overview and Level Annotations

Branches:
Dungeon (2/15)

Altars:


Innate Abilities, Weirdness & Mutations

You are resistant to torment.
Your stone body is resilient (AC +2).
You are immune to poison.
You resist negative energy.
You are resistant to electric shocks.
You can survive without breathing.
You are immune to petrification.
You are immune to rotting.


Message History

A gnoll comes into view.
The gnoll shouts!
The gnoll throws a throwing net.
The throwing net hits you.
You become entangled in the net!
You see here a throwing net.
You try to slip out of the net.
A gnoll comes into view. It is wielding a spear.
You struggle to escape the net.
You struggle against the net.
The gnoll shouts!
You slip out of the net!
The gnoll throws a throwing net.
The throwing net hits you.
You become entangled in the net!
A gnoll comes into view. It is wielding a club.
You struggle against the net.
The gnoll hits you.
You struggle against the net.
The gnoll shouts!
The gnoll hits you from afar with a spear!
Ouch! That really hurt!
The gnoll hits you.
You die...

#^ #. .. #g##
#... #.g#####
#.g....# #@# #.#
#.#
#####.###########
#...............#
#.###.#########.#
#...<..# #.#
#.##.#.# #.#
#....# # #.#


You could see 3 gnolls.

Vanquished Creatures
  2 dart slugs (D:1)
  2 giant geckos (D:1)
  A giant cockroach (D:1)
  A goblin (D:1)
  2 hobgoblins (D:1)
  3 bats (D:1)
  A giant newt (D:1)
  A kobold (D:1)
  A rat (D:1)
14 creatures vanquished.

Notes
Turn   | Place    | Note
--------------------------------------------------------------
     0 | D:1      | KrisztiCat the Gargoyle Earth Elementalist began the quest for the Orb.
     0 | D:1      | Reached XP level 1. HP: 10/10 MP: 3/3
   264 | D:1      | Reached XP level 2. HP: 15/15 MP: 5/5
   456 | D:1      | Reached skill level 4 in Earth Magic
   758 | D:2      | Slain by a gnoll

Skill      XL: |  1  2 |
---------------+-------+-----
Earth Magic    | 4 |  4.1
Dodging        | |  1.6
Stealth        | |  2.4
Spellcasting   | |  2.5
Transmutations | |  0.7

Action                   || total
-------------------------++-------
Melee: Whip              ||    29
 Cast: Sandblast         ||    13
 Stab: Sleeping          ||     1
Armor: Robe              ||    20
Dodge: Dodged            ||    25
